 Dungeon Crawl Stone Soup version 0.21.0 (webtiles) character file.

1172 tidbits the Covert (level 8, 36/36 HPs)
             Began as a Felid Earth Elementalist on Jan 6, 2018.
             Was a Believer of Wu Jian.
             Quit the game in a bailey.
             The game lasted 00:22:08 (1909 turns).

tidbits the Covert (Felid Earth Elementalist)       Turns: 1909, Time: 00:22:09

Health: 36/36      AC:  2    Str:  7    XL:     8   Next: 18%
Magic:  12/12      EV: 22    Int: 19    God:    Wu Jian [**....]
Gold:   98         SH:  0    Dex: 18    Spells: 5/11 levels left
                                        Lives:  0   Deaths: 2

rFire    . . .     SeeInvis +     - Unarmed
rCold    . . .     Gourm    .   (shield unavailable)
rNeg     . . .     Faith    .   (armour unavailable)
rPois    +         Spirit   .   (helmet unavailable)
rElec    .         Reflect  .   (cloak unavailable)
rCorr    .         Harm     .   (gloves unavailable)
MR       +....                  (boots unavailable)
Stlth    ++++......             (no amulet)
HPRegen  0.12/turn              l - ring of loudness (curse)
MPRegen  0.13/turn              (no ring)

@: quick
A: very small, no armour, no weapons or thrown items, stealth, claws 1, fangs 3,
see invisible, agile 1, carnivore, clever 1, speed 1, poison resistance, shaggy
fur 2, slow metabolism 1, MP-powered wands, sharp paws
a: Wall Jump, Renounce Religion


You were in a bailey.
You worshipped Wu Jian.
Wu Jian was pleased with you.
You were not hungry.

You visited 1 branch of the dungeon, and saw 9 of its levels.
You also visited: Bailey.

You collected 98 gold pieces.

Inventory:

Missiles
 b - 14 arrows
Jewellery
 l - a cursed ring of loudness (left paw)
   (You found it on level 7 of the Dungeon)
Wands
 n - a wand of iceblast (2)
Potions
 f - a potion of berserk rage {unknown}
 g - a potion of haste {unknown}
 i - a potion of flight
Books
 d - a book of Geomancy

   Spells                             Type                      Level
   a - Sandblast                      Earth                        1
   b - Passwall                       Transmutation/Earth          2
   c - Stone Arrow                    Conjuration/Earth            3
   d - Petrify                        Transmutation/Earth          4
   e - Lee's Rapid Deconstruction     Earth                        5
 j - a book of Beasts
   (You found it on level 2 of the Dungeon)

   Spells                             Type                      Level
   a - Summon Butterflies             Summoning                    1
   b - Call Canine Familiar           Summoning                    3
   c - Summon Ice Beast               Ice/Summoning                4
   d - Summon Mana Viper              Hexes/Summoning              5
   e - Summon Hydra                   Summoning                    7
Miscellaneous
 h - a box of beasts
Comestibles
 c - 4 rations
 k - 3 chunks of flesh


   Skills:
 + Level 4.3 Fighting
 + Level 6.5 Dodging
 + Level 9.2 Stealth
 * Level 8.4 Unarmed Combat
 - Level 2.0 Spellcasting
 - Level 1.1 Transmutations
 - Level 2.6 Earth Magic


You had 5 spell levels left.
You knew the following spells:

 Your Spells              Type           Power        Failure   Level  Hunger
a - Sandblast             Erth           ##....       5%          1    #......
o - Stone Arrow           Conj/Erth      #.....       28%         3    ###....
p - Passwall              Tmut/Erth      #.........   12%         2    ###....


Dungeon Overview and Level Annotations

Branches:
Dungeon (9/15)
 Temple: D:4-7         Lair: D:8-11         Orc: D:9-12

Altars:
Ashenzari
Dithmenos
Kikubaaqudgha
Nemelex Xobeh
Vehumet
Wu Jian
Xom
The Shining One

Annotations:
D:4 Eustachio


Innate Abilities, Weirdness & Mutations

You cannot wear armour.
You are incapable of wielding weapons or throwing items.
Your paws allow you to move quietly. (Stealth)
You have sharp claws.
You have razor-sharp teeth.
You have supernaturally acute eyesight. (SInv)
You are carnivorous and can eat meat at any time.
You cover ground quickly.
You are covered in thick fur. (AC +2)
You have a slow metabolism.
Your sharp claws are effective at attacking unaware monsters.
You are agile. (Dex +2)
Your mind is acute. (Int +2)
Your system is resistant to poisons. (rPois)
You expend magic power (3 MP) to strengthen your wands.


Message History

Your Stealth skill increases to level 8!
Your Unarmed Combat skill increases to level 7!
Found a chunk of flesh.
Your juvenile fireweird beast breathes flames at the orc knight.
The blast of flame hits the orc knight.
The orc knight is engulfed in blazing flames.
There is an open door here.
Okay, then.
The orc knight no longer looks unusually strong.
The orc knight roars a battlecry!
The orc knight goes into a battle-frenzy!
The orc knight is engulfed in blazing flames.
There is an open door here.
You lunge at the orc.
You scratch the orc but do no damage. You bite the orc, but do no damage.
The orc knight is engulfed in blazing flames.
The orc knight misses you.
The orc knight is engulfed in blazing flames.
The orc hits you from afar with a spear.
The orc knight is engulfed in blazing flames.
There is an open door here.
The orc knight is engulfed in blazing flames. x2
The orc knight is engulfed in blazing flames.
The orc knight explodes!
You hear an explosion!
The Council accepts your kill.
Your Fighting skill increases to level 4!
Your Dodging skill increases to level 6!
Your Stealth skill increases to level 9!
Your Unarmed Combat skill increases to level 8!
You have reached level 9!
Your experience leads to an increase in your attributes!
Your base attributes are Str 6, Int 17, Dex 16.
Increase (S)trength, (I)ntelligence, or (D)exterity?
You feel stronger.
You feel a bit more experienced. The Council accepts your kill.
The orc completely misses you.
Your juvenile fireweird beast hits the orc.
Your juvenile fireweird beast grabs the orc.
Your juvenile fireweird beast constricts the orc.
The orc dies!
The Council accepts your kill.
There is an open door here.
Things that are here:
a spear; glowing gold dragon scales You swap places.
You have no room to wall jump there.
You open the door.
Found a gate leading back out of this place.
There is an open door here.
k - 3 chunks of flesh (gained 1)
You open the door.
An orc knight comes into view. It is wielding a glaive.
There is an open door here.
Evoke which item? (* to show all) (? for menu, Esc to quit)
Okay, then.
What are your orders? t - Meow!
Orders for allies: a - Attack new target. r - Retreat! s - Stop attacking. g - Guard the area. f - Follow me.
Anything else - Cancel.
Gang up on whom?
Press: ? - help, Dir - move target cursor, f - orc knight
Aim: an orc knight, wielding a glaive and wearing a ring mail Attack!
Your juvenile fireweird beast breathes flames at the orc knight.
The blast of flame hits the orc knight.
Your juvenile fireweird beast hits the orc knight!
Your juvenile fireweird beast closely misses the orc knight.
The orc knight hits your juvenile fireweird beast with a glaive!
Your juvenile fireweird beast barely misses the orc knight. x2
The orc knight hits your juvenile fireweird beast with a glaive!
Your juvenile fireweird beast closely misses the orc knight.
Your juvenile fireweird beast misses the orc knight.
The orc knight hits your juvenile fireweird beast but does no damage.
Your juvenile fireweird beast closely misses the orc knight. x2
Something hits your juvenile fireweird beast!
Your juvenile fireweird beast breathes flames at the orc knight.
The blast of flame hits the orc knight.
The orc knight hits your juvenile fireweird beast from afar with a glaive!!
Your juvenile fireweird beast dies!
Your juvenile fireweird beast's corpse disappears in a puff of smoke!
Evoke which item? (* to show all) (? for menu, Esc to quit)
Aiming: Iceblast
Press: ? - help, Shift-Dir - straight line, f/p - orc knight
Aim: an orc knight, wielding a glaive and wearing a ring mail (severely wounded, hasn't noticed you)
The mass of ice explodes!
The iceblast engulfs the orc knight.
The orc knight is almost dead.
The orc knight shouts!
Unknown command.
You lunge at the orc knight.
You closely miss the orc knight.
The orc knight is almost dead.
The orc knight hits you with a glaive!!
Ouch! That really hurt!
You die...
You are now level 8!
You rejoin the land of the living...
Are you sure you want to abandon this character and quit the game? (Confirm with "yes".)

##..... ##..≈≈≈≈
##..≈≈.).
##########..≈≈.)##
#..........≈≈..##,
#.≈≈≈≈≈≈≈≈≈≈..##,,
#.≈........).##,..
#.≈.#############'
#@≈.##.....##..§§.
#.≈.)##...##..§≈§§
#.≈≈..##.#+..§≈.§.
##.≈≈..#+#..§§§..⌠
#∩.≈≈).#+#..§§..)∩
#.≈≈..##,*#.§≈≈))§
#.≈..##,,,*#..≈≈≈§
#.≈.##,,,,,*#...§o
#.≈.#########)###'


There were no monsters in sight!

Vanquished Creatures
  3 orc knights (Bailey)
  An ice beast (D:8)
  A sky beast (D:9)
  2 orc warriors (Bailey)
  A black bear (D:9)
  2 bullfrogs
  A howler monkey (D:4)
  A jelly (D:5)
  3 bullfrog skeletons
  An orc priest (D:3)
  5 hounds
  An orc wizard (D:3)
  An iguana (D:8)
  2 worker ants
  An adder (D:4)
  A shadow imp (D:8)
  An adder skeleton (D:3)
  2 worms (D:2)
  6 dart slugs
  2 leopard geckos
  17 orcs
  A ball python (D:2)
  2 giant cockroaches (D:2)
  6 goblins
  4 hobgoblins
  8 jackals
  2 quokkas (D:2)
  4 bats
  3 frilled lizards
  A jackal skeleton (D:7)
  6 kobolds
  3 rats
95 creatures vanquished.

Vanquished Creatures (collateral kills)
  An orc warrior (Bailey)
  An orc (Bailey)
2 creatures vanquished.

Grand Total: 97 creatures vanquished

Notes
Turn   | Place    | Note
-------+----------+-------------------------------------------
     0 | D:1      | tidbits the Felid Earth Elementalist began the quest for the Orb.
     0 | D:1      | Reached XP level 1. HP: 7/7 MP: 4/4
   109 | D:2      | Reached skill level 3 in Stealth
   156 | D:2      | Reached skill level 1 in Unarmed Combat
   167 | D:3      | Found a shadowy altar of Dithmenos.
   174 | D:3      | Reached XP level 2. HP: 11/11 MP: 1/6
   178 | D:3      | Learned a level 2 spell: Passwall
   499 | D:2      | Reached skill level 4 in Stealth
   579 | D:2      | Reached XP level 3. HP: 10/14 MP: 5/7
   602 | D:2      | Reached skill level 2 in Unarmed Combat
   710 | D:3      | Found a shattered altar of Ashenzari.
   710 | D:3      | Found a glowing golden altar of the Shining One.
   713 | D:3      | Found an ornate altar of the Wu Jian Council.
   714 | D:3      | Found a radiant altar of Vehumet.
   715 | D:3      | Found an ancient bone altar of Kikubaaqudgha.
   723 | D:3      | Became a worshipper of the Wu Jian Council
   724 | D:3      | Gained mutation: Your magical capacity is low. (-10% MP) [potion of mutation]
   724 | D:3      | Gained mutation: You are resistant to hostile enchantments. (MR+) [potion of mutation]
   742 | D:3      | Reached XP level 4. HP: 18/18 MP: 7/7
   746 | D:3      | Reached skill level 3 in Unarmed Combat
   748 | D:3      | Slain by an orc
   749 | D:3      | Reached XP level 3. HP: -2/14 MP: 6/6
   749 | D:3      | Lost mutation: Your magical capacity is low. (-10% MP) [potion of mutation]
   749 | D:3      | Lost mutation: You are resistant to hostile enchantments. (MR+) [potion of mutation]
   749 | D:3      | Gained mutation: Your spells are a little easier to cast, but a little less powerful. [potion of mutation]
   749 | D:3      | Gained mutation: You are partially covered in molten scales. (AC +2) [potion of mutation]
   749 | D:3      | Gained mutation: Your system is resistant to poisons. (rPois) [potion of mutation]
   779 | D:4      | Reached skill level 5 in Stealth
   779 | D:4      | Reached XP level 4. HP: 18/18 MP: 8/8
   795 | D:4      | Found a shimmering altar of Xom.
   814 | D:4      | Noticed Eustachio
   876 | D:4      | Reached skill level 4 in Unarmed Combat
   890 | D:5      | Entered Level 5 of the Dungeon
   900 | D:4      | Reached XP level 5. HP: 21/21 MP: 0/9
   953 | D:4      | Found a sparkling altar of Nemelex Xobeh.
   972 | D:4      | Lost mutation: Your spells are a little easier to cast, but a little less powerful. [potion of mutation]
   972 | D:4      | Lost mutation: You are partially covered in molten scales. (AC +2) [potion of mutation]
   972 | D:4      | Gained mutation: You are agile. (Dex +2) [potion of mutation]
   972 | D:4      | Gained mutation: You expend magic power (3 MP) to strengthen your wands. [potion of mutation]
   972 | D:4      | Gained mutation: Your mind is acute. (Int +2) [potion of mutation]
  1119 | D:4      | Reached * piety under Wu Jian
  1119 | D:4      | Reached skill level 6 in Stealth
  1183 | D:5      | Gained mutation: You are covered in thick fur. (AC +2) [Felid growth]
  1183 | D:5      | Reached XP level 6. HP: 16/24 MP: 5/10
  1203 | D:6      | Reached skill level 5 in Unarmed Combat
  1235 | D:6      | You fall through a shaft for 3 floors!
  1315 | D:9      | Noticed a sky beast
  1321 | D:9      | Killed a sky beast
  1321 | D:9      | Reached skill level 3 in Dodging
  1343 | D:9      | Reached skill level 1 in Fighting
  1343 | D:9      | Reached XP level 7. HP: 24/28 MP: 8/11
  1349 | D:9      | Reached skill level 7 in Stealth
  1444 | D:8      | Reached skill level 6 in Unarmed Combat
  1496 | D:8      | Reached skill level 2 in Fighting
  1496 | D:8      | Reached skill level 4 in Dodging
  1649 | D:8      | Found a flagged portal.
  1674 | Bailey   | Entered a bailey
  1718 | Bailey   | Reached ** piety under Wu Jian
  1735 | Bailey   | Learned a level 3 spell: Stone Arrow
  1848 | Bailey   | Noticed an orc knight
  1848 | Bailey   | Noticed an orc knight
  1849 | Bailey   | Noticed an orc knight
  1861 | Bailey   | Reached XP level 8. HP: 19/34 MP: 3/12
  1863 | Bailey   | Killed an orc knight
  1863 | Bailey   | Reached skill level 3 in Fighting
  1863 | Bailey   | Reached skill level 5 in Dodging
  1863 | Bailey   | Reached skill level 8 in Stealth
  1863 | Bailey   | Reached skill level 7 in Unarmed Combat
  1870 | Bailey   | Killed an orc knight
  1870 | Bailey   | Killed an orc knight
  1870 | Bailey   | Reached skill level 4 in Fighting
  1870 | Bailey   | Reached skill level 6 in Dodging
  1870 | Bailey   | Reached skill level 9 in Stealth
  1870 | Bailey   | Reached skill level 8 in Unarmed Combat
  1870 | Bailey   | Reached XP level 9. HP: 21/39 MP: 0/13
  1885 | Bailey   | Noticed an orc knight
  1908 | Bailey   | Mangled by an orc knight
  1909 | Bailey   | Reached XP level 8. HP: -8/36 MP: 2/12
  1909 | Bailey   | Quit the game

Skill      XL: |  1  2  3  4  5  6  7  8 |
---------------+-------------------------+-----
Stealth        | 3 4 5 6 7 9 |  9.2
Unarmed Combat | 1 2 4 5 6 8 |  8.4
Dodging        | 3 4 6 |  6.5
Fighting       | 1 2 4 |  4.3
Spellcasting   | |  2.0
Transmutations | |  1.1
Earth Magic    | |  2.6

Action                   |  1- 3 |  4- 6 |  7- 9 || total
-------------------------+-------+-------+-------++-------
Melee: Unarmed           |    20 |    49 |    46 ||   115
       Bite              |     1 |     3 |     7 ||    11
       Punch             |       |     2 |       ||     2
 Cast: Sandblast         |    48 |    42 |    29 ||   119
       Stone Arrow       |       |       |     3 ||     3
Invok: Lunge             |       |     4 |     8 ||    12
       Whirlwind         |       |       |     7 ||     7
Evoke: Wand              |       |       |     7 ||     7
       Box of beasts     |       |       |     1 ||     1
  Use: Potion            |     6 |     1 |     2 ||     9
       Scroll            |     4 |       |     3 ||     7
 Stab: Sleeping          |     8 |     9 |     3 ||    20
  Eat: Chunk             |       |     3 |     6 ||     9
Armor: Skin              |     6 |     6 |     1 ||    13
Dodge: Dodged            |    84 |    71 |    55 ||   210

Table legend:
 A = Turns spent in this place as a percentage of turns spent in the entire game.
 B = Non-inter-level travel turns spent in this place as a percentage of non-inter-level travel turns spent in the entire game.
 C = Inter-level travel turns spent in this place as a percentage of turns spent in this place.
 D = Turns resting spent in this place as a percentage of non-inter-level travel turns spent in this place.
 E = Turns spent auto-exploring this place as a percentage of non-inter-level travel turns spent in this place.
 F = Non-inter-level travel turns spent in this place divided by the number of levels of this place that you've seen.
                   A       B       C       D       E      F
               +-------+-------+-------+-------+-------+----------------------
         Total | 100.0 | 100.0 |   1.5 |   0.3 |   0.0 | 188.1
       Dungeon |  87.7 |  87.5 |   1.7 |   0.3 |   0.0 | 182.9
        Bailey |  12.3 |  12.5 |   0.0 |   0.0 |   0.0 | 235.0
               +-------+-------+-------+-------+-------+----------------------

Table legend:
 A = Kills in this place as a percentage of kills in entire the game.
 B = Kills by you in this place as a percentage of kills by you in the entire game.
 C = Kills by friends in this place as a percentage of kills by friends in the entire game.
 D = Other kills in this place as a percentage of other kills in the entire game.
 E = Experience gained in this place as a percentage of experience gained in the entire game.
 F = Experience gained in this place divided by the number of levels of this place that you have seen.
                   A       B       C       D       E      F
               +-------+-------+-------+-------+-------+----------------------
         Total | 100.0 | 100.0 | 100.0 |   N/A | 100.0 | 338.1
       Dungeon |  84.5 |  86.3 |   0.0 |   N/A |  40.0 | 150.2
        Bailey |  15.5 |  13.7 | 100.0 |   N/A |  60.0 | 2029.0
               +-------+-------+-------+-------+-------+----------------------

Vault maps used:
D:1:      shiori_shiawase
D:2:      minmay_domino_4
D:3:      kennysheep_slugbush, grunt_dithmenos_smoke_and_mirrors,
          grunt_temple_overflow_open, uniq_robin
D:4:      brannock_xom_greatest_gift, first_ration, nemelex_lonely_heart_becter,
          uniq_eustachio
D:5:      minmay_temple_entry_mist, kennysheep_generic_room_6
D:6:      elyvilon_altar_5, nicolae_ru_sacrificial_ziggurat
D:7:      nicolae_ossuary_entry_monument, minmay_misc_feat_room
D:8:      david_lair_shrubbed, enter_bailey_3, serial_shops, shop
D:9:      uniq_gastronok
Bailey:   bailey_polearm_1, bailey
